Map: Lerilak Crest

Players

rezecib - Winner!

  • Race: Zerg Zerg
  • League: Diamond

LilDicky

  • Race: Terran Terran
  • League: Diamond

VOD

http://www.twitch.tv/tumescentpie

Description

Time

  • Played on: Dec. 27, 2015, 1:12 a.m.
  • Length: 5:52
Show
View Real Time Build Order
Export as new Build Order

rezecib Zerg - Winner!

Build Orders: 3 Hatch before Pool 

Get SALT Encoding   

  12  0:06  Drone  
  13  0:16  Overlord  
  13  0:19  Drone  
  14  0:34  Drone  
  14  0:35  Drone  
  16  0:38  Drone  
  17  1:14  Hatchery  
  17  1:17  Drone  
  17  1:21  Extractor  
  16  1:26  Hatchery  
  15  1:34  Spawning Pool  
  15  1:37  Drone  
  15  2:09  Drone x3  
  18  2:22  Queen  
  20  2:30  Queen  
  20  2:31  Metabolic Boost  
  20  2:33  Overlord  
  22  2:37  Overlord  
  22  2:44  Zergling x2  
  23  2:50  Drone  
  27  3:05  Drone x5  
  29  3:22  Roach Warren  
  29  3:24  Zergling x2  
  29  3:25  Zergling x6  
  32  3:40  Lair  
  32  3:45  Drone, Extractor  
  32  3:46  Drone x3  
  35  3:50  Drone  
  36  3:56  Queen  
  36  4:01  Overlord  
  35  4:29  Zergling x4  
  35  4:30  Zergling x10  
  35  4:31  Roach x3  
  48  4:42  Drone x5  
  53  5:34  Drone x3  
  56  5:35  Drone  
  56  5:40  Extractor  
  56  5:41  Extractor  
Show
View Real Time Build Order
Export as new Build Order

LilDicky Terran 

Build Orders: Command Center First (CC) 

Get SALT Encoding   

  12  0:02  SCV  
  13  0:15  SCV  
  13  0:18  Supply Depot  
  14  0:30  SCV  
  15  0:44  SCV  
  16  0:56  SCV  
  17  1:04  Command Center  
  17  1:10  SCV  
  18  1:21  Barracks  
  18  1:22  SCV  
  19  1:34  SCV  
  20  1:46  SCV  
  21  2:08  Command Center  
  22  2:11  Marine  
  22  2:14  Orbital Command  
  22  2:16  Orbital Command  
  22  2:35  Refinery, Marine  
  22  2:36  Refinery  
  23  2:44  SCV  
  24  2:53  Marine  
  24  2:57  SCV  
  26  3:01  SCV  
  27  3:09  SCV  
  27  3:11  Marine  
  29  3:17  SCV  
  30  3:23  Orbital Command  
  30  3:25  SCV, Factory  
  31  3:29  SCV, Refinery  
  31  3:30  Refinery  
  31  3:31  Marine  
  33  3:37  SCV  
  33  3:40  Supply Depot  
  33  3:41  SCV  
  34  3:49  SCV x2, Marine  
  34  3:53  SCV  
  38  4:01  SCV  
  38  4:07  Marine  
  30  4:24  Orbital Command  
  29  4:33  Factory Reactor  
  29  4:36  Starport  
  29  4:52  Marine  
  30  5:02  SCV x2  
  30  5:03  SCV  
  33  5:16  Hellion  
  33  5:17  Hellion, Starport Tech Lab  
  33  5:21  Supply Depot  
  37  5:22  Barracks x2  
  37  5:23  Supply Depot, Marine  
  37  5:26  SCV  
  39  5:30  SCV x2  
Tags
 
Add a new tag
Caveats
  • Supply blocks, unpowered buildings, or Contaminate may cause inaccurate times.
  • Supply counts are checked every 10 seconds.